 Dungeon Crawl Stone Soup version 0.30-a0-347-gf58ed5266c (webtiles) character file.

Game seed: 3557358064566492311

529 MTVSty1e the Chopper (level 7, -2/54 (63) HPs)
             Began as a Minotaur Fighter on Nov 5, 2022.
             Slain by Pikel
             ... wielding a +1 whip of freezing
              (6 damage)
             ... on level 4 of the Dungeon.
             The game lasted 00:03:28 (3155 turns).

MTVSty1e the Chopper (Minotaur Fighter)             Turns: 3155, Time: 00:03:29

HP:   -2/54 (63)    AC:  5    Str: 23    XL:     7   Next: 3%
MP:   6/6           EV: 10    Int:  3    God:
Gold: 137           SH:  4    Dex:  9    Spells: 6/6 levels left

rFire   . . .      SeeInvis .    a - +1 war axe
rCold   . . .      Faith    .    c - +0 buckler
rNeg    . . .      Spirit   .    b - +0 scale mail
rPois   .          Reflect  .    (helmet restricted)
rElec   .          Harm     .    h - +0 cloak
rCorr   .          Rampage  .    (no gloves)
Will    .....                    (no boots)
Stlth   ..........               (no amulet)
HPRegen 0.29/turn                (no ring)
MPRegen 0.10/turn                (no ring)

@: heavily drained
A: horns 2, retaliatory headbutt, hooves 1, deformed body, dopey 1, sturdy frame
1
a: no special abilities


You were on level 4 of the Dungeon.
You visited 1 branch of the dungeon, and saw 4 of its levels.

You collected 137 gold pieces.

Inventory:

Hand Weapons
 a - a +1 war axe (weapon)
 j - a +0 whip of flaming
Armour
 b - a +0 scale mail (worn)
 c - a +0 buckler (worn)
 h - a +0 cloak (worn)
Jewellery
 m - a ring of protection from fire
Wands
 d - a wand of charming (8)
 k - a wand of light (14)
 n - a wand of polymorph (6)
Scrolls
 g - 2 scrolls of enchant weapon
 l - a scroll of immolation {unknown}
Potions
 e - a potion of brilliance {unknown}
 f - a potion of curing
 i - a potion of attraction {unknown}


   Skills:
 + Level 6.2 Fighting
 * Level 7.7 Axes
 - Level 3.6 Armour
 - Level 3.6 Shields


You had 6 spell levels left.
You didn't know any spells.
Your spell library contained the following spells:

 Spells                   Type           Power      Damage    Failure   Level
 Beastly Appendage        Tmut           0%         N/A       82%         1
 Summon Small Mammal      Summ           0%         N/A       82%         1
 Ensorcelled Hibernation  Hex/Ice        0%         N/A       91%         2
 Passwall                 Tmut/Erth      0%         N/A       91%         2
 Wereblood                Tmut           0%         N/A       91%         2
 Spider Form              Tmut/Pois      0%         N/A       99%         3
 Swiftness                Air            0%         N/A       99%         3


Dungeon Overview and Level Annotations

Branches:
Dungeon (4/15)
 Temple: D:4-7

Altars:

Annotations:
D:3 3 runed translucent doors, Vorhees's ghost, amateur GnWn
D:4 Pikel


Innate Abilities, Weirdness & Mutations

You have a pair of horns on your head.
You reflexively headbutt those who attack you in melee.
You have large cloven feet.
Armour fits poorly on your strangely shaped body.
You are dopey. (Int -2)
Your movements are slightly less encumbered by armour. (ER -2)


Message History

Pikel freezes you. The lemure misses you. You furiously retaliate!
You headbutt the lemure!
The hobgoblin hits you but does no damage.
You closely miss Pikel. You headbutt Pikel!
Pikel is heavily wounded.
You closely miss the lemure. You hit the hobgoblin. Pikel barely misses you.
You furiously retaliate!
You headbutt Pikel! The lemure barely misses you. You furiously retaliate!
You headbutt the lemure. The hobgoblin hits you.
You barely miss Pikel. Your kick misses Pikel.
Pikel is severely wounded.
You completely miss the lemure. You hit the hobgoblin.
You kill the hobgoblin!
Pikel hits you with a +1 whip of freezing.
Pikel freezes you. The lemure closely misses you.
You closely miss Pikel. Your kick misses Pikel. Your headbutt misses Pikel.
Pikel is severely wounded.
You barely miss the lemure. You hit the lemure. The lemure hits you.
Pikel closely misses you. The lemure closely misses you.
The lemure barely misses you. You furiously retaliate!
You headbutt the lemure. The lemure hits you.
Pikel hits you with a +1 whip of freezing!
* * * LOW HITPOINT WARNING * * *
Pikel freezes you.
* * * LOW HITPOINT WARNING * * *
You closely miss Pikel. You kick Pikel, but do no damage.
Your headbutt misses Pikel.
Pikel is severely wounded.
You barely miss the lemure. You slash the lemure! The lemure hits you.
* * * LOW HITPOINT WARNING * * *
Pikel hits you with a +1 whip of freezing.
* * * LOW HITPOINT WARNING * * *
Pikel freezes you.
* * * LOW HITPOINT WARNING * * *
The lemure hits you.
* * * LOW HITPOINT WARNING * * *
You completely miss Pikel. Your kick misses Pikel. Your headbutt misses Pikel.
Pikel is severely wounded.
You hit the lemure. You slash the lemure!
Pikel hits you with a +1 whip of freezing.
You die...

.# .# .# .#
.# # .# ...
#######5#...#
#.....@K55.#
#.#####5#...#
#.# ... ...
#.# ##..> .
..) #.#
#..##. #.#
#.#
..##.###.#
#####.# ##
.....##
#.....# ###
....(#
#.###.# .#
..# #...#


You could see Pikel and 4 lemures.

Vanquished Creatures
  Grinder (D:3)
  Sigmund (D:2)
  Jessica (D:3)
  Ijyb (D:3)
  Terence (D:3)
  2 adders
  2 dart slugs
  An orc (D:3)
  3 endoplasms
  4 giant cockroaches (D:1)
  10 hobgoblins
  8 jackals
  4 quokkas
  6 ball pythons
  7 bats
  2 frilled lizards
  8 goblins
  7 kobolds
  7 rats
76 creatures vanquished.

Vanquished Creatures (others)
  3 fungi (D:1)
3 creatures vanquished.

Grand Total: 79 creatures vanquished

Notes
Turn   | Place    | Note
-------+----------+-------------------------------------------
     0 | D:1      | MTVSty1e the Minotaur Fighter began the quest for the Orb.
     0 | D:1      | Reached XP level 1. HP: 19/19 MP: 0/0
    73 | D:1      | Found a faded altar of an unknown god.
    81 | D:1      | Reached skill level 3 in Axes
    83 | D:1      | Reached XP level 2. HP: 26/27 MP: 1/1
    90 | D:1      | Got Plato's Atlas of the Entourage
   378 | D:1      | Reached XP level 3. HP: 31/33 MP: 2/2
   778 | D:2      | Reached skill level 4 in Axes
  1155 | D:2      | Noticed Sigmund
  1164 | D:2      | Killed Sigmund
  1165 | D:2      | Reached skill level 5 in Fighting
  1165 | D:2      | Reached skill level 5 in Axes
  1165 | D:2      | Reached XP level 4. HP: 29/42 MP: 3/3
  1165 | D:2      | Reached XP level 5. HP: 33/48 MP: 4/4
  1523 | D:3      | Reached skill level 6 in Axes
  1589 | D:3      | Noticed Terence
  1892 | D:3      | Noticed Jessica
  1894 | D:3      | Killed Jessica
  2031 | D:3      | Noticed Ijyb
  2057 | D:3      | Killed Ijyb
  2058 | D:3      | Reached XP level 6. HP: 56/56 MP: 5/5
  2145 | D:3      | Noticed Grinder
  2411 | D:3      | Paralysed by Grinder for 2 turns
  2413 | D:3      | Gained mutation: You are dopey. (Int -2) [potion of
                  | mutation]
  2413 | D:3      | Gained mutation: You have large cloven feet. [potion of
                  | mutation]
  2413 | D:3      | Gained mutation: Armour fits poorly on your strangely
                  | shaped body. [potion of mutation]
  2413 | D:3      | Gained mutation: Your movements are slightly less
                  | encumbered by armour. (ER -2) [potion of mutation]
  2418 | D:3      | Killed Grinder
  2419 | D:3      | Reached skill level 7 in Axes
  2654 | D:3      | Killed Terence
  2655 | D:3      | Reached XP level 7. HP: 21/53 MP: 6/6
  2976 | D:3      | Found a runed translucent gate.
  2976 | D:3      | Identified the +1 leather armour of Lauklak {Int+4 Stlth+}
  2976 | D:3      | Noticed Vorhees's ghost (amateur GnWn)
  2977 | D:3      | Found a runed translucent gate.
  2978 | D:3      | Found a runed translucent gate.
  3144 | D:4      | Noticed Pikel
  3155 | D:4      | Slain by Pikel

Illustrated notes

Levels and vault maps discovered:
D:1:      minmay_arrival_semitransparent, layout_loops_ring,
          shapermc_ecumenical_altar_rom_forum, dreamdust_mushroom_princess,
          reono_crystal_passage
D:2:      layout_loops_corners, st_stairs_11, uniq_sigmund
D:3:      layout_rooms, biasface_ghost_orc_armoury, guppyfry_early_lair_pool,
          uniq_jessica, uniq_terence, uniq_ijyb, uniq_grinder
D:4:      layout_loops_ring, uniq_pikel, uniq_eustachio

Skill      XL: |  1  2  3  4  5  6 |
---------------+-------------------+-----
Axes           | 3 5 6 7 |  7.7
Fighting       | 4 5 6 |  6.2
Armour         | |  3.6
Shields        | |  3.6

Action                   |  1- 3 |  4- 6 |  7- 9 || total
-------------------------+-------+-------+-------++-------
Melee: War axe           |    60 |    60 |    10 ||   130
       Headbutt          |    11 |    10 |     1 ||    22
       Unarmed           |       |     3 |       ||     3
       Kick              |       |     4 |     3 ||     7
  Use: Potion            |     1 |     3 |       ||     4
       Scroll            |       |     3 |       ||     3
Armor: Scale mail        |    26 |    24 |     4 ||    54
       Skin              |       |     1 |       ||     1
Dodge: Dodged            |    28 |    35 |     9 ||    72
Block: Buckler           |    11 |    10 |     1 ||    22

Table legend: (Time is in decaauts)
 A = Elapsed time spent in this place.
 B = Non-inter-level travel time spent in this place.
 C = Inter-level travel time spent in this place.
 D = Time resting spent in this place.
 E = Time spent auto-exploring this place.
 F = Levels seen in this place.
 G = Mean time per level.
                   A        B        C        D        E       F      G
               +--------+--------+--------+--------+--------+-----+--------+
         Total |   3192 |   3077 |    115 |    910 |   1686 |   4 |  798.0 |
       Dungeon |   3192 |   3077 |    115 |    910 |   1686 |   4 |  798.0 |
               +--------+--------+--------+--------+--------+-----+--------+

Top non-repeatable levels by time:
     D:2: 1303 daAuts
     D:3: 1050 daAuts
     D:1: 693 daAuts
     D:4: 145 daAuts
